 Dungeon Crawl Stone Soup version 0.17-a0-1769-g54adf96 (webtiles) character file.

539 Magnus the Skirmisher (level 7, -1/56 HPs)
             Began as a Mummy Gladiator on Sept 7, 2015.
             Slain by a gnoll
             ... wielding a +0 halberd
              (6 damage)
             ... on level 4 of the Dungeon.
             The game lasted 00:08:26 (3316 turns).

Magnus the Skirmisher (Mummy Gladiator)             Turns: 3316, Time: 00:08:26

Health: -1/56      AC: 10    Str: 20    XL:     7   Next: 5%
Magic:  7/7        EV: 10    Int:  8    God:
Gold:   183        SH:  0    Dex: 12    Spells: 0 memorised, 6 levels left

rFire  x . .     SeeInvis .     a - +0 war axe
rCold  + . .     Clarity  .     g - +0 scale mail
rNeg   + + +     SustAt   .     (no shield)
rPois  ∞         Gourm    .     c - +0 helmet
rElec  .         Spirit   .     (no cloak)
rCorr  .         Warding  .     b - +1 pair of gloves
rMut   .         Stasis   .     m - +0 pair of boots
MR     .....                    (no amulet)
Stlth  ..........               (no ring)
                                (no ring)

@: not resistant to hostile enchantments, extremely unstealthy
A: no food or potions, fire vulnerability, cold resistance 1, negative energy
resistance 3, torment resistance, unbreathing
a: no special abilities


You were on level 4 of the Dungeon.
You were not hungry.

You visited 1 branch of the dungeon, and saw 4 of its levels.

You collected 183 gold pieces.

Inventory:

Hand weapons
 a - a +0 war axe (weapon)
Missiles
 d - 2 throwing nets (quivered)
 n - 3 tomahawks
Armour
 b - a +1 pair of gloves (worn)
 c - a +0 helmet (worn)
 g - a +0 scale mail (worn)
 m - a +0 pair of boots (worn)
Jewellery
 k - an uncursed amulet of the gourmand {unknown}
Magical devices
 o - a wand of flame (21)
Scrolls
 e - a scroll of random uselessness {unknown}
 f - 5 scrolls of enchant weapon {unknown}
 h - a scroll of immolation {unknown}
 i - 3 scrolls of remove curse {unknown}
 j - 4 scrolls of identify {unknown}
 l - a scroll of teleportation {unknown}


   Skills:
 * Level 5.2 Fighting
 * Level 4.5 Axes
 - Level 1.5 Throwing
 + Level 2.3 Armour
 - Level 2.4 Dodging


You had 6 spell levels left.
You didn't know any spells.

Dungeon Overview and Level Annotations

Branches:
Dungeon (4/15)
 Temple: D:4-7

Altars:


Innate Abilities, Weirdness & Mutations

You do not eat or drink.
Your flesh is vulnerable to fire.
You are immune to poison.
Your flesh is cold resistant.
You are immune to negative energy.
You are immune to unholy pain and torment.
You can survive without breathing.


Message History

The gnoll is severely wounded.
The gnoll barely misses you.
Unknown command.
You hit the gnoll but do no damage.
The gnoll is severely wounded.
The gnoll barely misses you.
Unknown command.
You barely miss the gnoll.
The gnoll is severely wounded.
The gnoll hits you with a halberd.
* * * LOW HITPOINT WARNING * * *
Unknown command.
You closely miss the gnoll.
The gnoll is severely wounded.
The gnoll hits you but does no damage.
Unknown command.
You barely miss the gnoll.
The gnoll is severely wounded.
The gnoll hits you with a halberd.
You die...

..!.### ..#
......# #.#
....... #.#
.... .# #..
##.# #. ##.^
##..# #.###...
. ###...##
#.#....
#...###......#
#......
#.....@†###.##
#.....#
#....g)##
##.#####...##
#.....##
##.##..%.#..#
#......
#.....#..###.
#......
###...#.## ##
#.#....
#.#..## .
##..# ####.#
#.. ###


You could see a gnoll.

Vanquished Creatures
  Sigmund (D:3)
  2 orc priests
  5 orc wizards
  6 adders
  3 gnolls (D:4)
  An ooze (D:1)
  An adder skeleton (D:4)
  4 giant geckos
  11 orcs
  7 bats
  6 goblins
  9 hobgoblins
  4 quokkas
  2 giant cockroaches (D:3)
  4 giant newts
  3 jackals (D:3)
  10 kobolds
  5 rats
84 creatures vanquished.

Vanquished Creatures (others)
  An orc wizard (D:4)
1 creature vanquished.

Grand Total: 85 creatures vanquished

Notes
Turn   | Place    | Note
--------------------------------------------------------------
     0 | D:1      | Magnus the Mummy Gladiator began the quest for the Orb.
     0 | D:1      | Reached XP level 1. HP: 16/16 MP: 1/1
    94 | D:1      | Reached XP level 2. HP: 23/23 MP: 2/2
   838 | D:2      | Reached XP level 3. HP: 20/28 MP: 3/3
   855 | D:2      | Reached skill level 3 in Fighting
  1281 | D:3      | Noticed Sigmund
  1822 | D:3      | Reached XP level 4. HP: 26/35 MP: 4/4
  2057 | D:3      | Killed Sigmund
  2057 | D:3      | Reached skill level 4 in Fighting
  2057 | D:3      | Reached skill level 1 in Armour
  2057 | D:3      | Reached XP level 5. HP: 6/43 MP: 5/5
  2704 | D:3      | Reached XP level 6. HP: 45/49 MP: 6/6
  3061 | D:4      | Reached skill level 5 in Fighting
  3293 | D:4      | Reached XP level 7. HP: 53/56 MP: 7/7
  3316 | D:4      | Slain by a gnoll

Vault maps used:
D:1:      dpeg_arrival_radiant
D:3:      grunt_ministairs_10, minmay_misc_feat_secret_circle, uniq_sigmund
D:4:      tso_metal_star, minitemple, first_bread, portal_sewer_entry_a,
          minmay_misc_feat_more_columns

Action                   |  1- 3 |  4- 6 |  7- 9 || total
-------------------------+-------+-------+-------++-------
Melee: War axe           |   139 |   169 |    21 ||   329
Throw: Throwing net      |       |     1 |       ||     1
 Stab: Held in net/web   |       |     1 |       ||     1
